Unix NetHack Version 3.7.0-59 Work-in-progress - last build May 25 2022 12:07:00 (5f964a4ca35ee0fc00824f52a09306978f6a0dc5,branch:master). Game began 2022-05-25 21:53:15, ended 2022-05-25 22:16:36. Rooks, lawful male human Priest ------ |....| --------------- ------ |....| |.............|# --------- .....| |.....# |......._.....|# |(......|# |....| |....|# |..............## |.......|####.....| ------# |.........._h.|## |........# ---|-- # |...........o@|###### |.......|# # # --.------------ # ###-.......|# ### # # ##### # |...<...|# # # # ### # ---------## # #----- ## #################### -----.- #|...| #### ## # |.....| #-....## -------.- #---------# # |.....| |...| # |.......| #####-.......-# ##......| ----- ###|.......| ### #|.......| ------- #..{..0>..### #........| --------- |.......| |.......| --------- Rooks the Acolyte St:13 Dx:12 Co:12 In:10 Wi:18 Ch:11 Lawful S:509 Dlvl:1 $:147 HP:0(26) Pw:14(34) AC:0 Xp:3/63 T:1610 Hungry Latest messages: You miss the giant rat. The giant rat misses! You miss the giant rat. The giant rat bites! You kill the giant rat! You see here an uncursed kobold corpse. You see here an uncursed giant rat corpse. j - an uncursed giant rat corpse. # What do you want to sacrifice? [j or ?*] Your sacrifice is consumed in a flash of light! You fail to cast the spell correctly. What do you want to take off? [cuxY or ?*] You finish taking off your gloves. What do you want to take off? [cuY or ?*] You were wearing an uncursed +0 small shield. You fail to cast the spell correctly. You fail to cast the spell correctly. You don't have enough energy to cast that spell. What do you want to wear? [cx or ?*] You finish your dressing maneuver. What do you want to wear? [c or ?*] You are now wearing a small shield. What do you want to zap? [i or ?*] A kobold zombie suddenly appears next to you! You destroy the kobold zombie! What do you want to zap? [i or ?*] A goblin suddenly appears next to you! You miss the goblin. The goblin wields an uncursed crude dagger! You miss the goblin. The goblin thrusts her crude dagger. The goblin hits! You miss the goblin. The goblin thrusts her crude dagger. The goblin hits! You miss the goblin. The goblin thrusts her crude dagger. The goblin just misses! You hit the goblin. You are beginning to feel hungry. You miss the goblin. The goblin thrusts her crude dagger. The goblin misses! You miss the goblin. The goblin thrusts her crude dagger. The goblin hits! You die... Do you want your possessions identified? [ynq] (y) Do you want to see your attributes? [ynq] (y) Major events: Turn 1: Rooks the lawful human Priest entered the dungeon 1126: found Sunsword in a shop 1490: attained the rank of Acolyte (level 3) 1610: killed by a goblin Inventory: Coins $ - 147 gold pieces Weapons m - 8 uncursed +0 darts (at the ready) a - a blessed +1 mace (weapon in hand) A - the uncursed +0 Sunsword Armor x - an uncursed +0 pair of gauntlets of dexterity (being worn) u - an uncursed +0 pair of elven boots (being worn) w - a blessed +0 pair of low boots c - an uncursed +0 small shield (being worn) z - a blessed +3 cloak of invisibility Y - an uncursed +0 cloak of protection (being worn) b - an uncursed +0 robe B - a blessed +1 studded leather armor (being worn) Comestibles f - an uncursed sprig of wolfsbane Spellbooks g - an uncursed spellbook of detect monsters h - an uncursed spellbook of extra healing Potions d - 4 potions of holy water l - a potion of unholy water Wands i - an uncursed wand of create monster (0:4) Gems/Stones p - 2 uncursed worthless pieces of black glass o - an uncursed worthless piece of yellowish brown glass Rooks the Priest's attributes: Background: You were an Acolyte, a level 3 human Priest. You were lawful, on a mission for Ptah who was opposed by Thoth (neutral) and Anhur (chaotic). You were in the Dungeons of Doom, on level 1. You entered the dungeon 1610 turns ago. It was nighttime. You had 63 experience points, 17 more were needed to attain level 4. Your score was 509 before end-of-game adjustments. Basics: You had 0 out of 26 hit points. You had 14 out of 34 energy points (spell power). Your armor class was 0. Your wallet contained 147 zorkmids. Autopickup was on for '$?!/%="*' plus thrown, with exceptions. Final Characteristics: Your strength was 13 (limit:18/100). Your dexterity was 12 (limit:18). Your constitution was 12 (limit:18). Your intelligence was 10 (limit:18). Your wisdom was 18 (limit:18). Your charisma was 11 (limit:18). Final Status: You were hungry. You were unencumbered. You were wielding a mace. You had basic skill with mace. Final Attributes: You were devoutly aligned. You were stealthy. You were protected. You are dead. Miscellaneous: You never encountered a bones level. Total elapsed playing time was 23 minutes and 14 seconds. Vanquished creatures: a gas spore 4 giant rats 2 geckos 4 jackals a fox a kobold 3 sewer rats 9 grid bugs a bat 6 lichens 4 kobold zombies a newt 37 creatures vanquished. No species were genocided or became extinct. Voluntary challenges: You followed a strict vegan diet. You were illiterate. You never engraved Elbereth. You never genocided any monsters. You never polymorphed an object. You never changed form. You used no wishes. Achievements: You entered a shop. You attained the rank of Acolyte. The Dungeons of Doom: levels 1 to 3 Level 1: <- You were here. Many altars, a fountain. Final resting place for you, killed by a goblin. Level 2: A fountain. Level 3: An armor shop. Game over: ---------- / \ / REST \ / IN \ / PEACE \ / \ | Rooks | | 147 Au | | killed by a | | goblin | | | | | | 2022 | *| * * * | * _________)/\\_//(\/(/\)/\//\/|_)_______ Goodbye Rooks the Priest... You died in The Dungeons of Doom on dungeon level 1 with 495 points, and 147 pieces of gold, after 1610 moves. You were level 3 with a maximum of 26 hit points when you died.